 Dungeon Crawl Stone Soup version 0.32-a0-329-ge6c31236d6 (webtiles) character file.

Game seed: 2544740647131381535

977 timneilson the Ruffian (level 8, -6/54 HPs)
             Began as an Octopode Shapeshifter on Feb 16, 2024.
             Mangled by an ice beast (9 damage)
             ... on level 6 of the Dungeon.
             The game lasted 00:08:42 (4452 turns).

timneilson the Ruffian (Octopode Shapeshifter)      Turns: 4452, Time: 00:08:43

Health: -6/54      AC:  1    Str: 16    XL:     8   Next: 17%
Magic:  8/8        EV: 14    Int: 12    God:
Gold:   307        SH:  0    Dex: 11    Spells: 7/7 levels left

rFire   . .          .
                       - Unarmed
rCold   . . .        (no shield)
rNeg    . . .        (helmet currently unavailable)
rPois   .            (no amulet)
rElec   .            d - ring of flight
rCorr   .            (no ring)
SInv    .            (no ring)
Will    .....        (no ring)
Stlth   +++          (no ring)
HPRegen 0.29/turn    (no ring)
MPRegen 0.11/turn    (no ring)
                     (no ring)

%: no passive effects
@: beast-form, flying
A: beast (slay +2), almost no armour, amphibious, 8 rings, camouflage 1,
gelatinous body 1, (nimble swimmer 1), tentacles
a: Begin Untransformation


You were on level 6 of the Dungeon.
You were a hulking beast.
You visited 1 branch of the dungeon, and saw 6 of its levels.

You collected 307 gold pieces.

Inventory:

Missiles
 g - 3 atropa-tipped darts (quivered)
Jewellery
 d - a ring of flight (left tentacle)
Talismans
 b - a beast talisman (active)
 c - a flux talisman
Wands
 l - a wand of flame (18)
Scrolls
 h - 2 scrolls of identify
 k - 2 scrolls of blinking
 m - 3 scrolls of teleportation
 n - a scroll of enchant armour
Potions
 a - 2 potions of lignification
 e - 3 potions of curing
 f - a potion of enlightenment
 i - 2 potions of heal wounds
 j - a potion of might
 o - a potion of brilliance {unknown}


   Skills:
 * Level 4.2 Fighting
 * Level 4.5 Dodging
 + Level 4.1 Stealth
 * Level 5.0 Unarmed Combat
 + Level 1.6 Evocations
 * Level 4.8 Shapeshifting


You had 7 spell levels left.
You didn't know any spells.
Your spell library contained the following spells:

 Spells                   Type           Power      Damage    Failure   Level
 Apportation              Tloc           0%         N/A       32%         1
 Freeze                   Ice            0%         1d3       32%         1
 Necrotise                Necr           0%         1d4       32%         1
 Sting                    Conj/Alch      0%         1d3       32%         1
 Summon Small Mammal      Summ           0%         N/A       32%         1
 Lesser Beckoning         Tloc           0%         N/A       45%         2
 Frozen Ramparts          Ice            0%         1d1       69%         3
 Gell's Gravitas          Tloc           0%         N/A       69%         3
 Hailstorm                Conj/Ice       0%         3d5       69%         3
 Teleport Other           Tloc           0%         N/A       69%         3


Dungeon Overview and Level Annotations

Branches:
Dungeon (6/15)
 Temple: D:4-7

Altars:

Shops:
D:5 *   D:6 :

Annotations:
D:2 1 runed translucent door, Crazy Yiuf


Innate Abilities, Weirdness & Mutations

You are a hulking beast.
Your limbs bulge with bestial killing power. (Slay +2)
You cannot wear most types of armour.
You are amphibious.
You can wear up to eight rings at the same time.
Your skin changes colour to match your surroundings (Stealth+).
Your rubbery body absorbs attacks. (AC +1, EV +1)
((You are camouflaged when in or above water. (Stealth+)))
You have tentacles for arms and can constrict up to eight enemies at once.


Message History

You kill the white imp!
Unknown command.
You now have 292 gold pieces (gained 10).
e - 3 potions of curing (gained 1)
o - a sedimented yellow potion
Found 6 javelins.
Found 15 gold pieces.
You hear the slow rusting of a drain nearby.
An ice beast comes into view.
You see here 15 gold pieces.
You now have 307 gold pieces (gained 15).
The ice beast hits you. The ice beast freezes you!
You barely miss the ice beast. The ice beast barely misses you.
You tentacle-slap the ice beast but do no damage.
Your squeeze misses the ice beast. The ice beast hits you.
The ice beast freezes you!
You closely miss the ice beast. Your squeeze misses the ice beast.
The ice beast hits you. The ice beast freezes you!
You closely miss the ice beast. The ice beast misses you.
You bludgeon the ice beast!
The ice beast is moderately wounded.
You bludgeon the ice beast!
The ice beast is severely wounded.
The ice beast barely misses you.
You barely miss the ice beast. Your squeeze misses the ice beast.
The ice beast is severely wounded.
The ice beast hits you.
* * * LOW HITPOINT WARNING * * *
The ice beast freezes you!
* * * LOW HITPOINT WARNING * * *
You barely miss the ice beast.
The ice beast is severely wounded.
The ice beast barely misses you.
Unknown command.
You closely miss the ice beast. Your squeeze misses the ice beast.
The ice beast is severely wounded.
The ice beast hits you.
* * * LOW HITPOINT WARNING * * *
The ice beast freezes you!
You die...

......## ....... ##
.....###. . #....##. .
#. #....##. ..# .###
#...(.#. ....### ..#
##......
.......#####.####......#
.##.Yh.....#......#.#.
#...............###.#...
##.##...........# ###.##
#.........### #..
..........### #..
.##......... ...# #
#........#..
##.......### #......##.


You could see an ice beast.

Vanquished Creatures
  Prince Ribbit (D:5)
  A black bear (D:5)
  2 ogres (D:4)
  A bombardier beetle (D:6)
  A hound (D:4)
  A jelly (D:5)
  Ijyb (D:5)
  Jessica (D:3)
  2 iguanas
  Robin (D:2)
  7 gnolls
  7 adders
  A white imp (D:6)
  A dart slug (D:1)
  4 ribbon worms
  4 orcs
  3 endoplasms
  6 giant cockroaches
  9 goblins
  13 hobgoblins
  10 jackals
  5 kobolds
  3 quokkas
  4 ball pythons
  9 bats
  3 frilled lizards
  5 rats
106 creatures vanquished.

Notes
Turn   | Place    | Note
-------+----------+-------------------------------------------
     0 | D:1      | timneilson the Octopode Shapeshifter began the quest for
                  | the Orb.
     0 | D:1      | Reached XP level 1. HP: 13/13 MP: 1/1
    59 | D:1      | Reached XP level 2. HP: 18/18 MP: 2/2
   166 | D:1      | Reached skill level 1 in Stealth
   172 | D:1      | Reached XP level 3. HP: 19/23 MP: 3/3
   773 | D:1      | Reached XP level 4. HP: 29/29 MP: 4/4
  1159 | D:2      | HP: 1/29 [kobold/+0 spear (2)]
  1464 | D:2      | Noticed Robin
  1475 | D:2      | Killed Robin
  1480 | D:2      | Reached XP level 5. HP: 20/34 MP: 5/5
  1915 | D:2      | Found a runed translucent door.
  1916 | D:2      | Noticed Crazy Yiuf
  2150 | D:3      | Noticed Jessica
  2159 | D:3      | Killed Jessica
  2381 | D:3      | You fall into a shaft and drop 1 floor!
  2383 | D:4      | Noticed an ogre
  2393 | D:4      | Killed an ogre
  2394 | D:4      | Reached skill level 4 in Unarmed Combat
  2394 | D:4      | Reached XP level 6. HP: 13/41 MP: 6/6
  2822 | D:4      | Identified the +9 shortbow "Concordance" {flame, rF+ Int-2
                  | Dex+2}
  2956 | D:4      | Reached XP level 7. HP: 42/46 MP: 7/7
  3218 | D:5      | Entered Level 5 of the Dungeon
  3278 | D:5      | Noticed Ijyb
  3288 | D:5      | Killed Ijyb
  3665 | D:5      | Reached skill level 1 in Evocations
  3702 | D:5      | Noticed Prince Ribbit
  3708 | D:5      | Killed Prince Ribbit
  3709 | D:5      | Reached skill level 5 in Unarmed Combat
  3709 | D:5      | Reached XP level 8. HP: 36/54 MP: 8/8
  4019 | D:5      | Found Dysumil's Overcharged Wands.
  4338 | D:6      | Noticed a walking frostbound tome
  4339 | D:6      | Found Neargh's Book Shop.
  4340 | D:6      | Noticed a walking frostbound tome
  4452 | D:6      | Mangled by an ice beast

Illustrated notes

Levels and vault maps discovered:
D:1:      spicycebolla_green_bress_n_ham_2, layout_basic,
          dreamdust_mushroom_princess
D:2:      layout_basic, kennysheep_decorative_pillar, uniq_crazy_yiuf_cottage,
          uniq_robin
D:3:      layout_basic, uniq_jessica
D:4:      layout_rooms, fountainhead, kennysheep_opposing_triangles
D:5:      layout_basic, nicolae_shop_overcharged_wands, uniq_prince_ribbit1,
          uniq_ijyb
D:6:      minmay_evil_eye, layout_cave_pools, serial_shops,
          nicolae_shop_mannequins, nicolae_shop_hallway_plus, shop,
          kennysheep_mini, nicolae_shop_just_a_little_nook,
          gup_sewer_entry_bubbles, nrook_mini_backslash

Skill      XL: |  1  2  3  4  5  6  7 |
---------------+----------------------+-----
Stealth        | 1 2 3 4 |  4.1
Fighting       | 2 3 4 |  4.2
Dodging        | 3 4 |  4.5
Unarmed Combat | 4 5 |  5.0
Shapeshifting  | 4 |  4.8
Evocations     | 1 |  1.6

Action                     |  1- 3 |  4- 6 |  7- 9 || total
---------------------------+-------+-------+-------++-------
  Melee: Unarmed           |    50 |   113 |    64 ||   227
         Constrict         |    13 |    34 |    14 ||    61
         Tentacles         |     2 |    22 |    14 ||    38
         Punch             |     1 |     4 |     4 ||     9
  Throw: Dart              |       |     3 |       ||     3
  Evoke: Wand              |       |       |     2 ||     2
    Use: Scroll            |       |    11 |     3 ||    14
   Stab: Sleeping          |     6 |    10 |     2 ||    18
 Armour: Skin              |    12 |    63 |    30 ||   105
  Dodge: Dodged            |    24 |    84 |    28 ||   136

Table legend: (Time is in decaauts)
 A = Elapsed time spent in this place.
 B = Non-inter-level travel time spent in this place.
 C = Inter-level travel time spent in this place.
 D = Time resting spent in this place.
 E = Time spent auto-exploring this place.
 F = Levels seen in this place.
 G = Mean time per level.
                   A        B        C        D        E       F      G
               +--------+--------+--------+--------+--------+-----+--------+
         Total |   4434 |   4297 |    137 |    330 |   3008 |   6 |  739.0 |
       Dungeon |   4434 |   4297 |    137 |    330 |   3008 |   6 |  739.0 |
               +--------+--------+--------+--------+--------+-----+--------+

Top non-repeatable levels by time:
     D:5: 1114 daAuts
     D:2: 1049 daAuts
     D:1: 903 daAuts
     D:4: 714 daAuts
     D:3: 538 daAuts
     D:6: 114 daAuts
